 Dungeon Crawl Stone Soup version 0.20.0-15-g7f486f2 (webtiles) character file.

1159 vishdafish the Chopper (level 8, -17/63 HPs)
             Began as a Formicid Fighter on June 26, 2017.
             Was an Initiate of Okawaru.
             Demolished by an orc warrior
             ... wielding a +0 halberd
              (19 damage)
             ... on level 6 of the Dungeon.
             The game lasted 00:09:22 (5948 turns).

vishdafish the Chopper (Formicid Fighter)           Turns: 5948, Time: 00:09:23

Health: -17/63     AC: 11    Str: 22    XL:     8   Next: 66%
Magic:  0/8        EV:  8    Int:  8    God:    Okawaru [......]
Gold:   305        SH: 10    Dex: 11    Spells: 7/7 levels left

rFire    . . .     SeeInvis +   a - +0 war axe
rCold    . . .     Gourm    .   c - +0 shield
rNeg     . . .     Faith    .   b - +0 scale mail
rPois    .         Spirit   +   (helmet unavailable)
rElec    .         Reflect  .   s - +1 cloak
rCorr    .         Harm     .   m - +0 pair of gloves
MR       .....                  (no boots)
Stlth    ..........             h - amulet of guardian spirit
Regen    0.2/turn               (no ring)
MPRegen  0.2/turn               (no ring)

@: drained
A: permanent stasis, dig shafts and tunnels, four strong arms, antennae 3
a: Dig, Shaft Self, Renounce Religion


You were on level 6 of the Dungeon.
You worshipped Okawaru.
Okawaru was noncommittal.
You were not hungry.

You visited 2 branches of the dungeon, and saw 7 of its levels.

You collected 305 gold pieces.

Inventory:

Hand Weapons
 a - a +0 war axe (weapon)
Armour
 b - a +0 scale mail (worn)
 c - a +0 shield (worn)
 m - a +0 pair of gloves (worn)
 s - a +1 cloak (worn)
Jewellery
 h - an amulet of guardian spirit (around neck)
Scrolls
 e - 2 scrolls of blinking {unknown}
 g - 3 scrolls of remove curse
 j - a scroll of immolation {unknown}
 n - 2 scrolls of recharging {unknown}
 o - a scroll of enchant weapon {unknown}
 t - 3 scrolls of teleportation {unknown}
 x - a scroll of fear
Potions
 i - a potion of flight
 k - a potion of degeneration
 q - a potion of berserk rage
 r - a potion of ambrosia
 v - 2 potions of haste
 w - a potion of lignification
Books
 y - a book of Necromancy

   Spells                             Type                      Level
   a - Pain                           Necromancy                   1
   b - Animate Skeleton               Necromancy                   1
   c - Vampiric Draining              Necromancy                   3
   d - Regeneration                   Charms/Necromancy            3
   e - Animate Dead                   Necromancy                   4
   f - Control Undead                 Necromancy                   4
Comestibles
 f - 2 bread rations
 p - a meat ration
 z - a royal jelly


   Skills:
 + Level 5.4(5.3) Fighting
 * Level 6.6(6.5) Axes
 + Level 5.7(5.6) Armour
 + Level 6.3(6.2) Shields


You had 7 spell levels left.
You didn't know any spells.

Dungeon Overview and Level Annotations

Branches:
Dungeon (6/15)             Temple (1/1) D:4

Altars:
Ashenzari
Cheibriados
Dithmenos
Elyvilon
Fedhas
Gozag
Hepliaklqana
Kikubaaqudgha
Makhleb
Nemelex Xobeh
Okawaru
Qazlal
Ru
Sif Muna
Trog
Uskayaw
Vehumet
Xom
Yredelemnul
Zin
The Shining One


Innate Abilities, Weirdness & Mutations

You cannot be hasted, slowed, berserked, paralysed or teleported.
You can dig through walls and to a lower floor.
Your four strong arms can wield two-handed weapons with a shield.
You have a pair of large antennae on your head. (SInv)


Message History

You completely miss the orc warrior.
The orc warrior is heavily wounded.
You hit the orc but do no damage.
The orc wizard casts a spell.
The orc wizard blinks!
The orc warrior hits you but does no damage.
The orc hits you.
* * * LOW HITPOINT WARNING * * *
The orc warrior hits you from afar with a trident!
* * * LOW HITPOINT WARNING * * *
You feel much better. You block the orc's attack.
The orc warrior hits you with a halberd.
* * * LOW HITPOINT WARNING * * *
The orc warrior hits you with a halberd!
* * * LOW HITPOINT WARNING * * *
The orc warrior shouts loudly, in orcish tradition.
The orc wizard mumbles some strange words.
The orc wizard blinks!
The orc warrior hits you from afar with a halberd!!
You die...

##############
.............#
###########..#
#### #..# ...#
#..#
##.########..#####
##.##....†.......#
......#####..###@#
##.#### #..# #.###
##.# #..# #o#(#
##.# #.## #)o##
##.# #.# ##o# ##.#
...


ooo .... ... 8.oo8 .#.. #ooooo# .## .{oo... You could see 2 orc warriors, an orc
wizard and 7 orcs.

Vanquished Creatures
  Duvessa (D:4)
  2 orc warriors
  2 scorpions
  Dowan (D:4)
  A bullfrog zombie (D:5)
  2 crimson imps (D:5)
  2 hounds
  Crazy Yiuf (D:3)
  3 orc priests
  4 orc wizards
  An iguana (D:6)
  2 worker ants (D:4)
  9 adders
  An ooze (D:3)
  3 dart slugs
  4 worms
  20 orcs
  4 ball pythons
  5 giant cockroaches
  7 goblins
  14 hobgoblins
  12 jackals
  A quokka (D:3)
  A ball python skeleton (D:4)
  6 bats
  8 frilled lizards
  8 kobolds
  9 rats
134 creatures vanquished.

Vanquished Creatures (others)
  An orc wizard (D:6)
1 creature vanquished.

Grand Total: 135 creatures vanquished

Notes
Turn   | Place    | Note
-------+----------+-------------------------------------------
     0 | D:1      | vishdafish the Formicid Fighter began the quest for the Orb.
     0 | D:1      | Reached XP level 1. HP: 18/18 MP: 1/1
   132 | D:1      | Reached XP level 2. HP: 24/24 MP: 2/2
   688 | D:1      | Reached XP level 3. HP: 25/29 MP: 3/3
  1353 | D:2      | Reached XP level 4. HP: 37/37 MP: 4/4
  2119 | D:3      | Found a basalt altar of Yredelemnul.
  2376 | D:3      | Found a runed door.
  2380 | D:3      | Noticed Crazy Yiuf
  2393 | D:3      | Killed Crazy Yiuf
  2393 | D:3      | Reached XP level 5. HP: 33/42 MP: 5/5
  2792 | D:3      | Found a glowing silver altar of Zin.
  3062 | D:3      | Found a snail-covered altar of Cheibriados.
  3076 | D:3      | Reached XP level 6. HP: 48/48 MP: 6/6
  3481 | D:4      | Found a staircase to the Ecumenical Temple.
  3512 | Temple   | Entered the Ecumenical Temple
  3856 | D:4      | Reached skill level 5 in Shields
  3874 | D:4      | Noticed Duvessa
  3874 | D:4      | Noticed Dowan
  3901 | D:4      | Killed Dowan
  3901 | D:4      | Reached XP level 7. HP: 9/55 MP: 7/7
  3903 | D:4      | Killed Duvessa
  3903 | D:4      | Reached skill level 5 in Axes
  4187 | D:4      | Reached skill level 5 in Armour
  4565 | D:4      | Found a white marble altar of Elyvilon.
  4623 | D:5      | Entered Level 5 of the Dungeon
  4793 | D:5      | Reached XP level 8. HP: 58/61 MP: 8/8
  5019 | D:5      | Found a deep blue altar of Sif Muna.
  5025 | D:5      | Found an iron altar of Okawaru.
  5030 | D:5      | Became a worshipper of Warmaster Okawaru
  5141 | D:5      | Reached skill level 5 in Fighting
  5801 | D:6      | Found a runed door.
  5944 | D:6      | HP: 3/63 [orc warrior/trident (9)]
  5948 | D:6      | Demolished by an orc warrior

Skill      XL: |  1  2  3  4  5  6  7  8 |
---------------+-------------------------+-----
Shields        | 4 5 6 |  6.3
Axes           | 3 4 5 6 |  6.6
Fighting       | 4 5 |  5.4
Armour         | 4 5 |  5.7

Action                   |  1- 3 |  4- 6 |  7- 9 || total
-------------------------+-------+-------+-------++-------
Melee: War axe           |    99 |   242 |   143 ||   484
 Abil: Dig               |       |       |     1 ||     1
  Use: Potion            |       |     2 |     4 ||     6
       Scroll            |       |       |     9 ||     9
  Eat: Chunk             |     1 |     6 |     2 ||     9
       Meat ration       |       |     1 |     1 ||     2
Armor: Scale mail        |    42 |   110 |    47 ||   199
Dodge: Dodged            |    39 |    94 |    53 ||   186
Block: Shield            |    50 |   125 |    73 ||   248
